Map: [ESL] Gresvan

Players

goblin - Winner!

  • Race: Protoss Protoss
  • Spawn Location: 5:00

NightPhoenix

  • Race: Protoss Protoss
  • Spawn Location: 11:00

Event: ESL SC2 Masters 2023 Summer (Regionals)

VOD

Have the link to the VOD?

Description

Time

  • Played on: May 13, 2023, 12:11 p.m.
  • Length: 7:32

All games in this series

Show
View Real Time Build Order
Export as new Build Order

goblin Protoss - Winner!

Build Orders: Blink Stalkers 

Get SALT Encoding   

  12  0:00  Probe  
  13  0:12  Probe  
  14  0:17  Pylon  
  14  0:24  Probe (Chrono Boost)  
  15  0:36  Probe (Chrono Boost), Gateway  
  16  0:44  Probe (Chrono Boost)  
  16  0:46  Assimilator  
  17  0:50  Probe  
  17  0:53  Assimilator  
  18  1:03  Probe (Chrono Boost)  
  19  1:10  Gateway  
  19  1:12  Probe (Chrono Boost)  
  19  1:17  Probe (Chrono Boost)  
  20  1:23  Cybernetics Core  
  21  1:29  Probe  
  22  1:35  Pylon  
  22  1:41  Probe  
  23  1:57  Probe  
  23  2:00  Stalker  
  23  2:01  Warp Gate  
  26  2:03  Stalker  
  28  2:11  Pylon  
  28  2:19  Shield Battery  
  28  2:30  Stalker  
  28  2:34  Stalker  
  32  2:38  Twilight Council  
  32  2:51  Shield Battery  
  32  3:00  Stalker  
  32  3:04  Stalker  
  36  3:06  Blink (Chrono Boost)  
  36  3:11  Pylon  
  36  3:27  Gateway  
  36  3:37  Gateway  
  36  3:52  Stalker x2  
  40  3:57  Pylon  
  39  4:16  Stalker x2  
  41  4:24  Stalker  
  41  4:28  Shield Battery  
  39  4:55  Stalker  
  39  4:56  Stalker x2  
  29  5:43  Stalker  
  29  5:44  Stalker x3  
  32  6:07  Stalker x2  
  32  6:10  Stalker  
  36  6:27  Stalker  
  37  6:41  Stalker  
  28  7:06  Stalker  
  28  7:28  Stalker  
Show
View Real Time Build Order
Export as new Build Order

NightPhoenix Protoss 

Build Orders: Blink Stalkers 

Get SALT Encoding   

  12  0:00  Probe  
  13  0:12  Probe  
  14  0:17  Pylon  
  14  0:24  Probe (Chrono Boost)  
  15  0:36  Probe (Chrono Boost), Gateway  
  16  0:45  Probe (Chrono Boost)  
  16  0:46  Assimilator  
  17  0:51  Probe  
  17  0:56  Assimilator  
  18  1:03  Probe (Chrono Boost)  
  19  1:08  Gateway  
  19  1:13  Probe (Chrono Boost)  
  19  1:17  Probe (Chrono Boost)  
  20  1:24  Cybernetics Core  
  21  1:29  Probe  
  22  1:34  Pylon  
  22  1:41  Probe  
  23  1:53  Probe  
  24  2:00  Stalker x2  
  24  2:01  Warp Gate  
  28  2:05  Probe  
  29  2:11  Pylon  
  29  2:30  Stalker x2  
  29  2:35  Twilight Council  
  32  3:01  Gateway  
  32  3:04  Stalker x2  
  36  3:09  Blink (Chrono Boost), Pylon  
  36  3:27  Gateway  
  36  3:33  Shield Battery  
  36  3:51  Stalker  
  36  3:52  Stalker  
  39  3:56  Stalker  
  39  4:02  Pylon  
  41  4:15  Stalker  
  43  4:18  Stalker  
  45  4:27  Stalker  
  47  4:35  Stalker  
  49  4:42  Pylon  
  47  4:53  Probe  
  42  5:03  Stalker x2  
  42  5:10  Stalker  
  44  5:16  Stalker  
  46  5:27  Stalker  
  40  5:44  Stalker x2  
  42  5:56  Stalker x2  
  40  6:04  Stalker  
  40  6:11  Stalker  
  44  6:20  Stalker  
  46  6:29  Stalker  
  44  6:45  Stalker x2  
  26  7:03  Stalker  
  20  7:12  Stalker  
Tags
 
Add a new tag
Caveats
  • Supply blocks, unpowered buildings, or Contaminate may cause inaccurate times.
  • Supply counts are checked every 10 seconds.